 Dungeon Crawl Stone Soup version 0.25.0-9-g26727b657a (webtiles) character file.

Game seed: 10005679783513276653

171 lepoulpe303 the Chopper (level 5, -2/49 HPs)
             Began as a Deep Dwarf Fighter on June 21, 2020.
             Succumbed to an orc wizard's poison
             ... on level 2 of the Dungeon.
             The game lasted 00:06:52 (1500 turns).

lepoulpe303 the Chopper (Deep Dwarf Fighter)        Turns: 1500, Time: 00:06:52

Health: -2/49      AC:  7    Str: 20    XL:     5   Next: 26%
Magic:  4/4        EV:  7    Int:  9    God:
Gold:   134        SH:  9    Dex: 12    Spells: 4/4 levels left

rFire    . . .     SeeInvis .   a - +0 war axe
rCold    . . .     Gourm    .   c - +0 kite shield
rNeg     . . .     Faith    .   b - +0 scale mail
rPois    .         Spirit   .   (no helmet)
rElec    .         Reflect  .   (no cloak)
rCorr    +         Harm     .   (no gloves)
MR       .....                  (no boots)
Stlth    ..........             (no amulet)
HPRegen  0.00/turn              C - ring of resist corrosion
MPRegen  0.09/turn              (no ring)

@: lethally poisoned (-2 -> -20), non-regenerating
A: damage resistance, heal wounds, sense surroundings 1, no regeneration
a: Heal Wounds


You were on level 2 of the Dungeon.
You were not hungry.

You visited 1 branch of the dungeon, and saw 2 of its levels.

You collected 134 gold pieces.

Inventory:

Hand Weapons
 a - a +0 war axe (weapon)
Missiles
 j - 4 boomerangs (quivered)
Armour
 b - a +0 scale mail (worn)
 c - a +0 kite shield (worn)
Jewellery
 C - a ring of resist corrosion (left hand)
Scrolls
 h - a scroll of blinking {unknown}
 k - a scroll of enchant weapon {unknown}
 l - a scroll of teleportation {unknown}
 w - 3 scrolls of remove curse
Potions
 d - a potion of might
 f - a potion of flight {unknown}
 i - a potion of degeneration {unknown}
 m - a potion of lignification {unknown}
Comestibles
 e - 4 rations
 g - 10 chunks of flesh


   Skills:
 + Level 3.4 Fighting
 * Level 4.2 Axes
 + Level 4.1 Armour
 + Level 4.1 Shields


You had 4 spell levels left.
You didn't know any spells.
Your spell library was empty.

Dungeon Overview and Level Annotations

Branches:
Dungeon (2/15)

Altars:
Kikubaaqudgha


Innate Abilities, Weirdness & Mutations

You are resistant to damage.
You can heal yourself by infusing magical energy.
You passively map a small area around you.
You do not regenerate.


Message History

* * * LOW HITPOINT WARNING * * *
You feel very sick.
The orc wizard hits you but does no damage.
The orc hits you but does no damage.
The orc wizard hits you with a +1 dagger of venom.
You are more poisoned.
You take 4 damage, and have 12/49 hp.
You bump into the rock wall.
* * * LOW HITPOINT WARNING * * *
You feel very sick. The orc completely misses you.
The orc wizard gestures at you while chanting.
The puff of flame hits you!
* * * LOW HITPOINT WARNING * * *
You take 10 damage, and have 2/49 hp.
MASSIVE DAMAGE!!
You're too confused!
You hit the orc. You hit the orc wizard.
You feel less confused.
You die...

#.# ##.#.# #)# #....# #.#
##...#####
#.#####........#######
#######.##.........†.......#
#......÷.#)##..#.....#####.#
#.#####.......###....# *
#....###.#.###.#
####.......o@## #.#
*#.......####o# #.#
#.##....# #.# #.# # *#....#
#)####.# * * *, *#....#
#...##.# ,
#.##....####.#.##.# ,
#.....)).##...##.# *
#.##.#..#..###)#* #.,
#.#.###.......


You could see an orc wizard and an orc.

Levels and vault maps discovered:
D:1:      erik_arrival_orb_chamber, layout_basic
D:2:      layout_loops_ring, lemuel_zombie_altar_kikubaaqudgha,
          minmay_pentomino_v4

Notes
Turn   | Place    | Note
-------+----------+-------------------------------------------
     0 | D:1      | lepoulpe303 the Deep Dwarf Fighter began the quest for the
                  | Orb.
     0 | D:1      | Reached XP level 1. HP: 20/20 MP: 1/1
    45 | D:1      | Identified a cursed -3 club
    54 | D:1      | Identified a +0 club
    96 | D:1      | Reached XP level 2. HP: 25/27 MP: 2/2
   309 | D:1      | Identified a +0 club
   354 | D:1      | Identified a +0 club
   368 | D:1      | Identified a +0 club
   510 | D:1      | Identified a +0 dagger
   795 | D:1      | Reached skill level 3 in Axes
   842 | D:1      | Identified a +0 dagger
   844 | D:1      | Reached XP level 3. HP: 20/33 MP: 3/3
  1079 | D:2      | Found an ancient bone altar of Kikubaaqudgha.
  1127 | D:2      | Identified a +0 club
  1127 | D:2      | Identified a cursed -2 club
  1127 | D:2      | Identified a +0 club
  1144 | D:2      | Reached skill level 3 in Fighting
  1161 | D:2      | HP: 4/34 [worm (5)]
  1273 | D:2      | Reached XP level 4. HP: 29/42 MP: 4/4
  1323 | D:2      | Identified 3 scrolls of remove curse
  1324 | D:2      | Identified a ring of resist corrosion (You found it on
                  | level 2 of the Dungeon)
  1330 | D:2      | Identified a +0 club
  1330 | D:2      | Identified a +0 dagger
  1330 | D:2      | Identified a +0 robe
  1371 | D:2      | Identified a +0 dagger
  1380 | D:2      | Identified a +0 spear
  1380 | D:2      | Identified a +0 chain mail
  1390 | D:2      | HP: 7/42 [gnoll/+0 spear (5)]
  1407 | D:2      | Identified a +0 dagger
  1418 | D:2      | Reached skill level 4 in Shields
  1423 | D:2      | Identified a +0 dagger
  1465 | D:2      | Identified a +0 leather armour
  1466 | D:2      | Identified a +0 dagger
  1466 | D:2      | Identified a +0 robe
  1470 | D:2      | Reached skill level 4 in Axes
  1470 | D:2      | Reached skill level 4 in Armour
  1470 | D:2      | Reached XP level 5. HP: 40/49 MP: 4/4
  1476 | D:2      | Identified a +1 dagger of venom
  1476 | D:2      | Identified a +0 robe
  1477 | D:2      | Identified a +0 flail
  1491 | D:2      | Identified a +0 club
  1491 | D:2      | Identified a +0 chain mail
  1498 | D:2      | HP: 12/49 [poisoned by an orc wizard]
  1499 | D:2      | HP: 2/49 [orc wizard/puff of flame (6)]
  1500 | D:2      | Succumbed to an orc wizard's poison

Table legend:
 A = Turns spent in this place as a percentage of turns spent in the entire game.
 B = Non-inter-level travel turns spent in this place as a percentage of non-inter-level travel turns spent in the entire game.
 C = Inter-level travel turns spent in this place as a percentage of turns spent in this place.
 D = Turns resting spent in this place as a percentage of non-inter-level travel turns spent in this place.
 E = Turns spent auto-exploring this place as a percentage of non-inter-level travel turns spent in this place.
 F = Non-inter-level travel turns spent in this place divided by the number of levels of this place that you've seen.
                   A       B       C       D       E      F
               +-------+-------+-------+-------+-------+----------------------
         Total | 100.0 | 100.0 |   5.4 |   0.0 |  70.8 | 709.5
       Dungeon | 100.0 | 100.0 |   5.4 |   0.0 |  70.8 | 709.5
               +-------+-------+-------+-------+-------+----------------------

Table legend:
 A = Kills in this place as a percentage of kills in entire the game.
 B = Kills by you in this place as a percentage of kills by you in the entire game.
 C = Kills by friends in this place as a percentage of kills by friends in the entire game.
 D = Other kills in this place as a percentage of other kills in the entire game.
 E = Experience gained in this place as a percentage of experience gained in the entire game.
 F = Experience gained in this place divided by the number of levels of this place that you have seen.
                   A       B       C       D       E      F
               +-------+-------+-------+-------+-------+----------------------
         Total | 100.0 | 100.0 |   N/A |   N/A | 100.0 | 122.5
       Dungeon | 100.0 | 100.0 |   N/A |   N/A | 100.0 | 122.5
               +-------+-------+-------+-------+-------+----------------------

Skill      XL: |  1  2  3  4 |
---------------+-------------+-----
Axes           | 3 4 |  4.2
Fighting       | 3 |  3.4
Shields        | 4 |  4.1
Armour         | 4 |  4.1

Action                   |  1- 3 |  4- 6 || total
-------------------------+-------+-------++-------
Melee: War axe           |   117 |    37 ||   154
Throw: Stone             |     4 |       ||     4
       Boomerang         |    11 |    39 ||    50
 Abil: Heal Wounds       |     1 |     1 ||     2
  Use: Scroll            |       |     1 ||     1
  Eat: Chunk             |     1 |     1 ||     2
Armor: Scale mail        |    44 |    25 ||    69
Dodge: Dodged            |    27 |    10 ||    37
Block: Kite shield       |    39 |    13 ||    52

Vanquished Creatures
  2 orc wizards (D:2)
  4 gnolls (D:2)
  2 adders (D:2)
  3 worms (D:2)
  2 dart slugs (D:1)
  A leopard gecko (D:1)
  3 orcs (D:2)
  A ball python (D:2)
  2 bats
  A giant cockroach (D:1)
  6 goblins
  4 hobgoblins (D:1)
  A frilled lizard (D:1)
  6 kobolds
  6 rats
44 creatures vanquished.
